 Dungeon Crawl Stone Soup version 0.29.1-15-g9cfb28693d (webtiles) character file.

Game seed: 13813314648369432078

31 adizb the Sneak (level 3, -1/22 HPs)
             Began as a Kobold Brigand on Apr 22, 2023.
             Slain by a gnoll
             ... wielding a +0 halberd
              (12 damage)
             ... on level 2 of the Dungeon.
             The game lasted 00:04:09 (981 turns).

adizb the Sneak (Kobold Brigand)                     Turns: 981, Time: 00:04:09

Health: -1/22      AC:  2    Str:  8    XL:     3   Next: 40%
Magic:  3/3        EV: 14    Int: 12    God:
Gold:   78         SH:  0    Dex: 18    Spells: 2/2 levels left

rFire   + . .      SeeInvis .   a - +2 dagger
rCold   . . .      Faith    .   (no shield)
rNeg    . . .      Spirit   .   b - +0 robe
rPois   .          Reflect  .   (no helmet)
rElec   .          Harm     .   (no cloak)
rCorr   .          Rampage  .   (no gloves)
Will    .....                   (no boots)
Stlth   ++++......              (no amulet)
HPRegen 0.07/turn               h - ring of protection from fire
MPRegen 0.08/turn               (no ring)

@: no status effects
A: small, no large weapons, nightstalker 3
a: no special abilities


You were on level 2 of the Dungeon.
You visited 1 branch of the dungeon, and saw 2 of its levels.

You collected 78 gold pieces.

Inventory:

Hand Weapons
 a - a +2 dagger (weapon)
 i - a +0 sling of flaming
Missiles
 d - 9 poisoned darts (quivered)
 e - 3 curare-tipped darts
Armour
 b - a +0 robe (worn)
 c - a +0 cloak
 k - a +0 buckler
 q - a scarf of harm
Jewellery
 h - a ring of protection from fire (left hand)
 r - a ring of fire
Scrolls
 j - a scroll of fear {unknown}
 n - a scroll of identify {unknown}
 o - a scroll of poison {unknown}
Potions
 f - a potion of flight {unknown}
 g - a potion of heal wounds {unknown}
 l - a potion of might {unknown}
 m - a potion of invisibility {unknown}
 p - a potion of haste {unknown}


   Skills:
 + Level 2.5 Fighting
 + Level 3.1 Short Blades
 + Level 2.4 Throwing
 + Level 1.8 Dodging
 * Level 6.0 Stealth


You had 2 spell levels left.
You didn't know any spells.
Your spell library was empty.

Dungeon Overview and Level Annotations

Branches:
Dungeon (2/15)

Altars:


Innate Abilities, Weirdness & Mutations

You are small and have problems with some larger weapons.
You are completely attuned to the shadows.


Message History

You closely miss the hobgoblin.
The hobgoblin is almost dead.
The hobgoblin closely misses you.
You hit the hobgoblin.
You kill the hobgoblin!
r - a ring of fire You now have 65 gold pieces (gained 21).
You see here a hobgoblin corpse.
There is a stone staircase leading down here.
You climb downwards.
Found 4 gold pieces.
There is a stone staircase leading up here.
You start removing your armour.
You continue taking off your scarf of harm. x4
You finish taking off your scarf of harm.
You now have 69 gold pieces (gained 4).
Found 9 gold pieces.
No target in view!
You now have 78 gold pieces (gained 9).
HP restored.
A gnoll comes into view. It is wielding a +0 halberd.
A gnoll comes into view. It is wielding a +0 spear.
A gnoll comes into view. It is wielding a +0 whip.
Found a peridot ring.
The gnoll shouts! x2
The gnoll closely misses you. The gnoll completely misses you.
You closely miss the gnoll.
A worm comes into view.
You hit the gnoll.
The gnoll is moderately wounded.
The gnoll hits you with a +0 whip. The gnoll misses you.
The gnoll hits you from afar with a +0 spear.
You hit the gnoll.
The gnoll is moderately wounded.
The gnoll barely misses you. x2
You hit the gnoll. Your punch misses the gnoll.
The gnoll is heavily wounded.
The gnoll closely misses you. The gnoll hits you with a +0 halberd!
Ouch! That really hurt!
You die...

.# . .w#
.=####g.#
....gg..#
#@#..#
#....#
#....##
#......
#..#...
#.....#
#.#####
#.## #..#


You could see a worm and 3 gnolls.

Vanquished Creatures
  3 dart slugs (D:1)
  An endoplasm (D:1)
  A giant cockroach (D:1)
  4 goblins (D:1)
  3 hobgoblins (D:1)
  2 jackals (D:1)
  A ball python (D:1)
  3 frilled lizards (D:1)
  4 kobolds (D:1)
  2 rats (D:1)
24 creatures vanquished.

Notes
Turn   | Place    | Note
-------+----------+-------------------------------------------
     0 | D:1      | adizb the Kobold Brigand began the quest for the Orb.
     0 | D:1      | Reached XP level 1. HP: 12/12 MP: 1/1
   191 | D:1      | Reached XP level 2. HP: 12/17 MP: 2/2
   633 | D:1      | Reached XP level 3. HP: 22/22 MP: 3/3
   796 | D:1      | Reached skill level 6 in Stealth
   981 | D:2      | Slain by a gnoll

Illustrated notes

Levels and vault maps discovered:
D:1:      matt_arrival_spirals, layout_rooms, minmay_tiny_reverse_x
D:2:      layout_basic, ebering_ecumenical_altar_mist, uniq_crazy_yiuf_cottage

Skill      XL: |  1  2  3 |
---------------+----------+-----
Short Blades   | 3 |  3.1
Stealth        | 6 |  6.0
Fighting       | |  2.5
Throwing       | |  2.4
Dodging        | |  1.8

Action                   || total
-------------------------++-------
Melee: Dagger            ||    76
 Stab: Sleeping          ||     6
Armor: Robe              ||    13
Dodge: Dodged            ||    35
